 Dungeon Crawl Stone Soup version 0.29.1-15-g9cfb28693d (webtiles) character file.

Game seed: 15134158756079634895

18442 Cheops the Impaler (level 12, -5/78 HPs)
             Began as a Merfolk Gladiator on Mar 6, 2023.
             Was an Elder of Makhleb.
             Slain by an eight-headed hydra (10 damage)
             ... on level 12 of the Dungeon on Mar 7, 2023.
             The game lasted 00:55:35 (14841 turns).

Cheops the Impaler (Merfolk Gladiator)             Turns: 14841, Time: 00:55:36

Health: -5/78      AC: 19    Str: 22    XL:     12   Next: 58%
Magic:  19/19      EV: 10    Int: 11    God:    Makhleb [****..]
Gold:   644        SH:  0    Dex: 18    Spells: 10/17 levels left

rFire   . . .      SeeInvis +   b - +1 trident (venom)
rCold   . . .      Faith    .   (no shield)
rNeg    + . .      Spirit   .   M - +1 chain mail of Degipn {rN+ Int+3 Slay+3 SInv}
rPois   +          Reflect  .   w - +2 helmet
rElec   .          Harm     .   (no cloak)
rCorr   .          Rampage  .   t - +1 pair of gloves
Will    +....                   H - +0 pair of boots
Stlth   ..........              D - amulet of magic regeneration
HPRegen 0.23/turn               n - ring "Cist" {Drain Will+ Int+2 Dex+2}
MPRegen 0.56/turn               (no ring)

@: no status effects
A: (nimble swimmer 2), mertail, iridescent scales 1, poison resistance, strong
1, MP-powered wands
a: Renounce Religion, Minor Destruction, Lesser Servant of Makhleb, Major
Destruction


You were on level 12 of the Dungeon.
You worshipped Makhleb.
Makhleb was greatly pleased with you.
You visited 2 branches of the dungeon, and saw 13 of its levels.

You collected 644 gold pieces.

Inventory:

Hand Weapons
 a - a +5 halberd
 b - a +1 trident of venom (weapon)
 c - a +4 battleaxe
 L - a +5 spear of venom
Missiles
 e - a javelin
 s - 3 boomerangs
 u - 5 silver boomerangs
 v - 111 stones
 E - 3 throwing nets
Armour
 t - a +1 pair of gloves (worn)
 w - a +2 helmet (worn)
 H - a +0 pair of boots (worn)
 J - the +1 scale mail of Complete Protection {rElec rN+ Str+3 Stlth-}
   (You found it on level 8 of the Dungeon)

   Str:       It affects your strength (+3).
   rElec:     It insulates you from electricity.
   rN:        It protects you from negative energy.
   Stlth:     It makes you less stealthy.
 M - the +1 chain mail of Degipn (worn) {rN+ Int+3 Slay+3 SInv}
   (You found it on level 9 of the Dungeon)

   Int:       It affects your intelligence (+3).
   Slay:      It affects your accuracy & damage with ranged weapons and melee
   (+3).
   rN:        It protects you from negative energy.
   SInv:      It lets you see invisible.
 P - a +2 robe of cold resistance
Magical Staves
 F - a staff of poison
Jewellery
 n - the ring "Cist" (left hand) {Drain Will+ Int+2 Dex+2}
   (You found it on level 2 of the Dungeon)

   [ring of willpower]

   Int:       It affects your intelligence (+2).
   Dex:       It affects your dexterity (+2).
   Drain:     It drains your maximum health when unequipped.
   Will:      It increases your willpower.
 D - an amulet of magic regeneration (around neck)
 O - a ring of ice
Wands
 h - a wand of light (1)
 x - a wand of digging (3)
 y - a wand of iceblast (7)
 A - a wand of flame (2)
 I - a wand of charming (6)
Scrolls
 i - a scroll of poison
 j - 4 scrolls of enchant armour
 m - 3 scrolls of blinking
 o - 2 scrolls of enchant weapon
 p - a scroll of immolation
 q - 2 scrolls of vulnerability
 B - 3 scrolls of amnesia
 C - a scroll of summoning {unknown}
 G - a scroll of torment
 K - 2 scrolls of noise {unknown}
Potions
 d - a potion of magic
 f - a potion of brilliance
 g - 2 potions of lignification
 k - 5 potions of curing
 l - a potion of might
 r - 3 potions of attraction
 z - a potion of heal wounds
 N - a potion of resistance {unknown}


   Skills:
 - Level 2.1 Fighting
 - Level 16.0 Polearms
 - Level 2.0 Throwing
 - Level 5.0 Armour
 - Level 4.0 Dodging
 - Level 3.0 Spellcasting
 - Level 3.0 Transmutations
 - Level 11.5 Air Magic
 + Level 0.0 Earth Magic
 - Level 10.0 Invocations
 - Level 5.3 Evocations


You had 10 spell levels left.
You knew the following spells:

 Your Spells              Type           Power      Damage    Failure   Level
a - Passwall              Tmut/Erth      4%         N/A       86%         2
b - Wereblood             Tmut           8%         N/A       65%         2
c - Swiftness             Air            27%        N/A       5%          3

Your spell library contained the following spells:

 Spells                   Type           Power      Damage    Failure   Level
 Apportation              Tloc           2%         N/A       90%         1
 Necrotise                Necr           4%         1d4       90%         1
 Summon Small Mammal      Summ           4%         N/A       90%         1
 Ensorcelled Hibernation  Hex/Ice        2%         N/A       97%         2
 Sublimation of Blood     Necr           1%         N/A       97%         2
 Call Canine Familiar     Summ           1%         N/A       99%         3
 Dazzling Flash           Conj/Hex       2%         N/A       99%         3
 Ozocubu's Armour         Ice            1%         N/A       99%         3
 Portal Projectile        Hex/Tloc       2%         N/A       99%         3
 Tukima's Dance           Hex            1%         N/A       99%         3
 Corpse Rot               Necr/Pois/Air  10%        N/A       99%         4
 Silence                  Hex/Air        7%         N/A       99%         5
 Dispel Undead            Necr           1%         3d6       100%        4
 Hailstorm                Conj/Ice       1%         3d3       100%        4
 Ice Form                 Ice/Tmut       5%         N/A       100%        4
 Leda's Liquefaction      Hex/Erth       0%         N/A       100%        4
 Agony                    Necr           1%         N/A       100%        5
 Blade Hands              Tmut           4%         N/A       100%        5
 Fireball                 Conj/Fire      0%         3d3       100%        5
 Freezing Cloud           Conj/Ice/Air   5%         6-21      100%        5
 Iskenderun's Battlesphe  Conj           1%         2d6       100%        5
 Conjure Ball Lightning   Conj/Air       7%         3x3d6     100%        6
 Death Channel            Necr           0%         N/A       100%        6
 Simulacrum               Ice/Necr       0%         N/A       100%        6
 Orb of Destruction       Conj           0%         9d5       100%        7
 Ozocubu's Refrigeration  Ice            0%         4d7       100%        7
 Summon Hydra             Summ           0%         N/A       100%        7
 Polar Vortex             Ice            0%         N/A       100%        9


Dungeon Overview and Level Annotations

Branches:
Dungeon (12/15)            Temple (1/1) D:4            Lair (0/5) D:8
    Orc (0/2) D:9

Altars:
Ashenzari
Cheibriados
Dithmenos
Elyvilon
Fedhas
Gozag
Hepliaklqana
Kikubaaqudgha
Makhleb
Nemelex Xobeh
Okawaru
Qazlal
Ru
Sif Muna
Trog
Uskayaw
Vehumet
Wu Jian
Xom
Yredelemnul
Zin
The Shining One

Portals:
Trove: D:10 (give 18 potions of curing)


Innate Abilities, Weirdness & Mutations

((You are very nimble when in or above water. (Stealth+, EV+, Speed+++)))
Your lower body shifts to a powerful aquatic tail in water.
You are partially covered in iridescent scales. (AC +2)
Your system is resistant to poisons. (rPois)
Your muscles are strong. (Str +4, Int/Dex -1)
You expend magic power (3 MP) to strengthen your wands.


Message History

You swing at nothing.
You puncture the eight-headed hydra!
The eight-headed hydra is lightly wounded.
The eight-headed hydra bites you but does no damage. x2
The eight-headed hydra bites you. x2
The eight-headed hydra barely misses you.
The eight-headed hydra bites you but does no damage. x3
You hit the eight-headed hydra.
The eight-headed hydra is lightly wounded.
You barely miss the eight-headed hydra.
The eight-headed hydra is lightly wounded.
The eight-headed hydra bites you but does no damage. x2
The eight-headed hydra closely misses you.
The eight-headed hydra bites you! The eight-headed hydra bites you. x2
The eight-headed hydra bites you! The eight-headed hydra bites you.
You hit the eight-headed hydra.
The eight-headed hydra is moderately wounded.
You puncture the eight-headed hydra!
The eight-headed hydra is heavily wounded.
The eight-headed hydra closely misses you.
The eight-headed hydra bites you but does no damage.
The eight-headed hydra bites you. The eight-headed hydra bites you!
* * * LOW HITPOINT WARNING * * *
The eight-headed hydra bites you but does no damage. x3
The eight-headed hydra bites you.
* * * LOW HITPOINT WARNING * * *
You puncture the eight-headed hydra!
The eight-headed hydra is heavily wounded.
The eight-headed hydra bites you but does no damage.
The eight-headed hydra bites you.
* * * LOW HITPOINT WARNING * * *
The eight-headed hydra bites you but does no damage. x2
The eight-headed hydra bites you.
* * * LOW HITPOINT WARNING * * *
The eight-headed hydra bites you.
* * * LOW HITPOINT WARNING * * *
The eight-headed hydra bites you!
* * * LOW HITPOINT WARNING * * *
The eight-headed hydra bites you!
You die...

###.###### .........#
###+##### .........#
#.<.....# .........##
#.......# ..........
#.......# ......$..#
+.......+ .........#
#.......# #D#
##'###### ##@# #.####
##..# #....# #..##
####.## #.## #..# #.#
######'## ####'##
#.....).# #.....#
####.......# #.....#
#..'.......#
#.....###.##.......###


You could see an eight-headed hydra.

Vanquished Creatures
  Fannar (D:12)
  A hydra (D:11)
  2 boulder beetles (D:11)
  2 two-headed ogres (D:11)
  Amaemon (D:9)
  An ugly thing (D:11)
  A cyclops (D:10)
  A manticore (D:11)
  A centaur zombie (D:12)
  A gargoyle (D:11)
  An orange demon (D:9)
  Psyche (D:11)
  A tengu conjurer (D:11)
  A troll (D:11)
  3 hornets
  Sigmund (D:3)
  A meliai zombie (D:12)
  21 yaks
  A shadow (D:11)
  6 wraiths
  A basilisk (shapeshifter) (D:11)
  A steam dragon (D:7)
  Edmund (D:4)
  5 vampire mosquitoes
  4 water moccasins
  A sky beast (D:8)
  Duvessa (D:6)
  2 ice beasts (D:7)
  4 orc warriors
  4 ogres
  11 centaurs
  A phantom (D:6)
  4 kobold brigands
  2 bullfrogs
  2 necrophages
  2 scorpions
  2 gnoll sergeants (D:11)
  Dowan (D:6)
  11 wights
  5 killer bees (D:11)
  3 howler monkeys
  A jelly (D:6)
  5 hounds
  8 orc priests
  2 iguanas (D:4)
  11 orc wizards
  Robin (D:3)
  4 adders
  4 gnolls (D:5)
  A shadow imp (D:8)
  A white imp (D:6)
  39 orcs
  3 ball pythons (D:3)
  5 endoplasms
  3 giant cockroaches
  11 goblins
  6 hobgoblins
  4 jackals (D:3)
  3 quokkas
  4 bats
  4 frilled lizards
  22 kobolds
  4 rats
  A spectral kobold (D:3)
264 creatures vanquished.

Vanquished Creatures (collateral kills)
  Sonja (D:9)
1 creature vanquished.

Vanquished Creatures (others)
  A wight (D:6)
  An orc (D:6)
2 creatures vanquished.

Grand Total: 267 creatures vanquished

Notes
Turn   | Place    | Note
-------+----------+-------------------------------------------
     0 | D:1      | Cheops the Merfolk Gladiator began the quest for the Orb.
     0 | D:1      | Reached XP level 1. HP: 16/16 MP: 1/1
  1024 | D:2      | Reached XP level 2. HP: 22/22 MP: 2/2
  1183 | D:2      | Identified the ring "Cist" {Drain Will+ Int+2 Dex+2}
  1235 | D:2      | Reached skill level 5 in Polearms
  1479 | D:2      | Reached XP level 3. HP: 26/27 MP: 3/3
  2007 | D:3      | Noticed Sigmund
  2243 | D:3      | Gained mutation: Your spells are a little harder to cast,
                  | but a little more powerful. [potion of mutation]
  2243 | D:3      | Gained mutation: You are dopey. (Int -2) [potion of
                  | mutation]
  2243 | D:3      | Lost mutation: You are dopey. (Int -2) [potion of mutation]
  2432 | D:3      | Killed Sigmund
  2433 | D:3      | Reached skill level 8 in Polearms
  2433 | D:3      | Reached XP level 4. HP: 30/33 MP: 4/4
  2433 | D:3      | Reached XP level 5. HP: 35/38 MP: 5/5
  2503 | D:3      | Found a glowing silver altar of Zin.
  2554 | D:3      | Noticed Robin
  2565 | D:3      | Killed Robin
  2829 | D:3      | Reached XP level 6. HP: 44/44 MP: 6/6
  2888 | D:3      | Found a faded altar of an unknown god.
  3083 | D:3      | Found a hazy altar of Hepliaklqana.
  3399 | D:4      | Found a staircase to the Ecumenical Temple.
  3414 | D:4      | Reached skill level 9 in Polearms
  3420 | Temple   | Entered the Ecumenical Temple
  3752 | Temple   | Became a worshipper of Makhleb the Destroyer
  3845 | D:4      | Noticed Edmund
  3901 | D:4      | Killed Edmund
  3902 | D:4      | Reached skill level 10 in Polearms
  3902 | D:4      | Reached XP level 7. HP: 50/50 MP: 7/7
  4611 | D:5      | Entered Level 5 of the Dungeon
  4647 | D:5      | Lost mutation: Your spells are a little harder to cast, but
                  | a little more powerful. [potion of mutation]
  4647 | D:5      | Gained mutation: Your muscles are strong. (Str +4, Int/Dex
                  | -1) [potion of mutation]
  4647 | D:5      | Gained mutation: You expend magic power (3 MP) to
                  | strengthen your wands. [potion of mutation]
  4647 | D:5      | Gained mutation: You are partially covered in iridescent
                  | scales. (AC +2) [potion of mutation]
  4647 | D:5      | Gained mutation: Your system is resistant to poisons.
                  | (rPois) [potion of mutation]
  4660 | D:5      | Reached skill level 11 in Polearms
  4897 | D:5      | Reached skill level 12 in Polearms
  4897 | D:5      | Reached XP level 8. HP: 50/56 MP: 8/8
  4952 | D:5      | Reached * piety under Makhleb
  5537 | D:5      | Found a sacrificial altar of Ru.
  5537 | D:5      | Found a radiant altar of Vehumet.
  5676 | D:6      | Reached skill level 1 in Invocations
  5676 | D:6      | Noticed Dowan
  5678 | D:6      | Noticed Duvessa
  5702 | D:6      | Reached skill level 1 in Evocations
  5718 | D:6      | Killed Duvessa
  5726 | D:6      | Killed Dowan
  6513 | D:6      | Reached XP level 9. HP: 52/61 MP: 12/12
  6610 | D:6      | Reached skill level 5 in Invocations
  6863 | D:6      | Reached skill level 5 in Evocations
  6871 | D:6      | Reached ** piety under Makhleb
  7398 | D:6      | Learned a level 2 spell: Passwall
  7401 | D:6      | Learned a level 2 spell: Wereblood
  8109 | D:7      | Identified a scroll of acquirement
  8247 | D:8      | Reached XP level 10. HP: 36/67 MP: 16/16
  8471 | D:8      | Found a staircase to the Lair.
  8499 | D:8      | Identified the +1 scale mail of Complete Protection {rElec
                  | rN+ Str+3 Stlth-}
  8783 | D:8      | Reached skill level 10 in Invocations
  8795 | D:8      | Reached skill level 1 in Armour
  9249 | D:9      | Noticed Amaemon
  9251 | D:9      | Noticed an orange demon
  9255 | D:9      | Killed an orange demon
  9255 | D:9      | Killed Amaemon
  9483 | D:9      | Reached *** piety under Makhleb
  9603 | D:9      | Reached skill level 5 in Armour
  9791 | D:9      | Found a staircase to the Orcish Mines.
  9799 | D:9      | Identified the +1 chain mail of Degipn {rN+ Int+3 Slay+3
                  | SInv}
  9909 | D:9      | Reached skill level 13 in Polearms
 10466 | D:10     | Entered Level 10 of the Dungeon
 10482 | D:10     | Noticed Sonja
 10490 | D:9      | Killed Sonja
 10491 | D:9      | Reached skill level 14 in Polearms
 10491 | D:9      | Reached XP level 11. HP: 38/72 MP: 15/18
 10776 | D:11     | Reached skill level 15 in Polearms
 10784 | D:11     | HP: 4/108 [centaur/arrow (8)]
 10794 | D:11     | HP: 4/108 [centaur/arrow (11)]
 11438 | D:10     | Found an ancient bone altar of Kikubaaqudgha.
 11442 | D:10     | Found an iron altar of Okawaru.
 11443 | D:10     | Found a basalt altar of Yredelemnul.
 11647 | D:10     | Found a portal to a secret trove of treasure.
 11904 | D:10     | Acquired a manual of Air Magic
 12271 | D:11     | Noticed a cyclops
 12395 | D:10     | Killed a cyclops
 12396 | D:10     | Reached skill level 1 in Air Magic
 12404 | D:10     | Learned a level 3 spell: Swiftness
 12506 | D:11     | Noticed a five-headed hydra
 12523 | D:11     | Killed a five-headed hydra
 12524 | D:11     | Reached skill level 16 in Polearms
 12972 | D:11     | Noticed a two-headed ogre
 12976 | D:11     | Killed a two-headed ogre
 12977 | D:11     | Reached skill level 5 in Air Magic
 13051 | D:11     | Noticed a white ugly thing
 13056 | D:11     | Killed a white ugly thing
 13067 | D:11     | Noticed a manticore
 13077 | D:11     | Killed a manticore
 13160 | D:11     | Noticed a boulder beetle
 13182 | D:11     | Killed a boulder beetle
 13183 | D:11     | Reached XP level 12. HP: 18/78 MP: 8/19
 13509 | D:11     | Noticed Psyche
 13522 | D:11     | Killed Psyche
 13522 | D:11     | Reached **** piety under Makhleb
 13534 | D:11     | Reached skill level 10 in Air Magic
 13660 | D:11     | Noticed a boulder beetle
 13660 | D:11     | Noticed a two-headed ogre
 13671 | D:11     | Killed a two-headed ogre
 13686 | D:11     | Killed a boulder beetle
 14312 | D:12     | Reached skill level 1 in Spellcasting
 14752 | D:12     | Noticed Fannar
 14771 | D:12     | Killed Fannar
 14824 | D:12     | Noticed an eight-headed hydra
 14841 | D:12     | Slain by an eight-headed hydra

Illustrated notes

Levels and vault maps discovered:
D:1:      ncdulo_halloftheorcs, layout_loops_corners
D:2:      layout_loops_cross
D:3:      layout_loops_cross, nicolae_hepliaklqana_monster_ancestors,
          mainiacjoe_overflow_catwalk, basic_ecumenical_altar,
          kennysheep_generic_room_8, uniq_robin, uniq_sigmund
D:4:      layout_basic, minmay_temple_entry_grid, serial_rivers,
          chequers_serial_rivers_small_a, chequers_serial_rivers_large_a,
          chequers_serial_rivers_micro_a, chequers_serial_rivers_small_a,
          uniq_edmund
D:5:      layout_loops_ring, gammafunk_temple_overflow_wave,
          chequers_serial_rivers_micro_c, chequers_serial_rivers_small_3
D:6:      lemuel_ice_spiral_2, layout_rooms, uniq_duvessa
D:7:      layout_cave_pools
D:8:      layout_basic, dpeg_oklobed_lair, nicolae_sextant
D:9:      layout_stronghold, uniq_amaemon
D:10:     layout_gridville, minitemple, trove_entry_hex_spiral, uniq_sonja
D:11:     nicolae_hexawheel, layout_loops_cross, uniq_psyche
D:12:     layout_roguey [special_room_orc], serial_undead, serial_undead_c,
          serial_undead_e, serial_undead_d, serial_undead_a,
          serial_bayou_lagoon_a, uniq_fannar, uniq_urug, uniq_azrael
Temple:   regret_index_temple_waves

Skill      XL: |  1  2  3  4  5  6  7  8  9 10 11 12 |
---------------+-------------------------------------+-----
Polearms       | 5 8 10 12 14 16 | 16.0
Invocations    | 4 9 10 | 10.0
Evocations     | 4 5 |  5.3
Armour         | 5 |  5.0
Air Magic      | 8 11 | 11.5
Spellcasting   | 3 |  3.0
Transmutations | 3 |  3.0
Fighting       | |  2.1
Throwing       | |  2.0
Dodging        | |  4.0

Action                   |  1- 3 |  4- 6 |  7- 9 | 10-12 || total
-------------------------+-------+-------+-------+-------++-------
Melee: Trident           |    79 |   115 |   406 |   223 ||   823
       Tailslap          |       |     2 |       |       ||     2
       Punch             |       |       |     7 |     2 ||     9
       Halberd           |       |       |       |   284 ||   284
Invok: Minor Destruction |       |       |    15 |     8 ||    23
       Lesser Servant of |       |       |       |     1 ||     1
Evoke: Wand              |       |       |       |    32 ||    32
  Use: Scroll            |     5 |       |     5 |    10 ||    20
       Potion            |     2 |       |     4 |     7 ||    13
 Stab: Sleeping          |     3 |     2 |     1 |       ||     6
       Distracted        |       |       |     2 |       ||     2
       Invisible         |       |       |       |     2 ||     2
Armor: Leather armour    |     7 |    15 |    83 |     3 ||   108
       Scale mail        |       |       |       |    33 ||    33
       Chain mail        |       |       |       |   209 ||   209
       Skin              |       |       |       |    17 ||    17
Dodge: Dodged            |    37 |    36 |   176 |   203 ||   452
